Map: [ESL] NeoHumanity

Players

GuMiho

  • Race: Terran Terran

Solar - Winner!

  • Race: Zerg Zerg

Event: IEM Katowice 2023

VOD

Have the link to the VOD?

Description

Time

  • Played on: Feb. 11, 2023, 9:11 a.m.
  • Length: 17:10

All games in this series

Show
View Real Time Build Order
Export as new Build Order

GuMiho Terran 

Build Orders: 1/1/1 

Get SALT Encoding   

  12  0:00  SCV  
  13  0:12  SCV  
  14  0:17  Supply Depot  
  14  0:24  SCV  
  15  0:38  SCV  
  15  0:39  Barracks  
  16  0:45  Refinery  
  16  0:50  SCV  
  16  0:54  Refinery  
  17  1:03  SCV  
  18  1:15  SCV  
  19  1:26  Reaper  
  19  1:27  Orbital Command  
  20  1:35  Supply Depot  
  20  1:41  Factory  
  20  1:52  SCV  
  21  1:58  Reaper  
  21  1:59  Supply Depot  
  22  2:04  SCV  
  23  2:17  SCV  
  24  2:27  Factory Tech Lab  
  24  2:28  Starport  
  24  2:29  SCV  
  25  2:30  Marine  
  25  2:35  Supply Depot  
  26  2:41  SCV  
  27  2:48  Siege Tank, Marine  
  31  2:54  SCV  
  32  3:01  Barracks  
  32  3:05  Medivac  
  34  3:11  Bunker  
  34  3:20  Siege Tank  
  37  3:32  Barracks  
  37  3:35  Viking  
  39  3:49  Marine  
  39  3:55  Siege Tank  
  43  3:58  SCV  
  44  4:07  Marine, Starport Tech Lab  
  45  4:11  SCV  
  46  4:23  SCV  
  47  4:35  Barracks Tech Lab  
  47  4:44  Marine  
  47  4:48  Banshee, Cloaking Field  
  47  4:51  Supply Depot  
  47  4:52  Supply Depot  
  47  5:07  Marine, Command Center  
  47  5:13  Marine  
  45  5:18  Siege Tank  
  45  5:27  Marine, Barracks  
  46  5:35  Banshee  
  49  5:43  SCV  
  49  5:45  Barracks Reactor  
  49  5:46  Supply Depot  
  49  5:47  Marine  
  51  6:01  SCV  
  52  6:04  Marine  
  52  6:24  Marine x4  
  56  6:28  SCV  
  57  6:38  Siege Tank  
  60  6:42  Marine x3  
  60  6:45  Marine  
  64  6:51  SCV  
  60  6:55  Orbital Command  
  60  6:59  Marine  
  60  7:00  Marine x2  
  57  7:03  Marine, SCV  
  59  7:15  SCV  
  60  7:17  Marine  
  60  7:18  Marine x2  
  65  7:27  SCV  
  61  7:32  SCV  
  61  7:34  Stimpack  
  62  7:44  SCV x2  
  61  7:52  Marine x3  
  61  7:53  Marine  
  64  8:00  SCV  
  64  8:03  SCV  
  66  8:10  Marine x3, Command Center  
  66  8:12  SCV  
  71  8:14  Barracks Tech Lab, Supply Depot x2  
  71  8:15  SCV  
  71  8:20  Engineering Bay  
  71  8:22  Engineering Bay  
  71  8:24  SCV  
  72  8:27  Marine  
  72  8:28  Marine x2  
  72  8:30  SCV  
  76  8:36  SCV  
  76  8:37  Marine  
  76  8:39  Combat Shield  
  78  8:44  SCV  
  78  8:45  Marine x2  
  78  8:46  Marine  
  78  8:47  Starport Reactor  
  82  8:48  SCV  
  82  8:54  Terran Infantry Armor Level 1, Terran Infantry Weapons Level 1  
  83  8:56  SCV  
  83  8:57  Marine  
  83  8:58  Refinery  
  83  8:59  Refinery  
  83  9:00  SCV  
  86  9:08  SCV  
  87  9:13  Barracks, SCV  
  87  9:14  Barracks  
  88  9:20  SCV  
  92  9:25  SCV  
  92  9:26  Factory  
  92  9:28  Marine x2  
  92  9:30  Barracks Reactor  
  95  9:32  SCV  
  95  9:37  SCV  
  97  9:39  Medivac x2  
  97  9:41  Siege Tank  
  97  9:44  Orbital Command, SCV  
  102  9:46  Marine x2  
  102  9:49  SCV  
  102  9:50  Marine  
  106  9:54  Armory  
  106  9:56  SCV  
  106  9:59  Refinery  
  107  10:01  SCV, Refinery  
  107  10:02  Barracks Reactor x2  
  108  10:08  SCV  
  108  10:13  Siege Tank, SCV  
  113  10:16  Medivac x2  
  113  10:19  Supply Depot  
  113  10:20  Supply Depot  
  113  10:21  Supply Depot  
  117  10:22  SCV x2  
  119  10:30  Marine  
  119  10:31  Marine x4  
  119  10:32  Factory Tech Lab  
  124  10:36  SCV  
  124  10:40  SCV  
  124  10:42  Marine x4  
  130  10:43  Supply Depot  
  130  10:45  SCV  
  130  10:48  Marine, SCV  
  130  10:49  Siege Tank  
  136  10:50  Medivac x2  
  136  10:52  SCV  
  141  10:57  SCV  
  141  11:00  SCV  
  138  11:06  Marine x3  
  138  11:07  Siege Tank  
  142  11:13  Marine x3  
  142  11:14  Marauder  
  142  11:15  SCV x2  
  142  11:16  Terran Infantry Weapons Level 2, Terran Infantry Armor Level 2  
  148  11:27  Command Center  
  148  11:28  SCV x3  
  151  11:39  Supply Depot x2  
  153  11:40  SCV x3, Viking, Supply Depot  
  153  11:44  Viking  
  157  11:47  Terran Vehicle Weapons Level 1  
  157  11:48  Sensor Tower  
  157  12:01  Siege Tank, Barracks  
  160  12:02  Barracks  
  160  12:04  Barracks  
  160  12:10  Viking  
  160  12:14  Viking  
  160  12:15  Ghost Academy  
  164  12:24  Siege Tank  
  165  12:33  Siege Tank  
  158  12:46  Ghost, Personal Cloaking  
  158  12:53  Command Center  
  158  12:55  Command Center  
  158  12:56  Siege Tank  
  156  13:00  Barracks Tech Lab x3  
  156  13:05  Siege Tank  
  159  13:20  Refinery x2  
  151  13:27  Ghost x3  
  151  13:28  Siege Tank  
  158  13:37  Siege Tank  
  158  13:38  Ghost  
  151  13:59  Liberator  
  151  14:00  Siege Tank  
  157  14:09  Siege Tank  
  145  14:15  Planetary Fortress  
  140  14:18  Refinery  
  140  14:19  Refinery  
  139  14:28  Marine x4, Marauder x3  
  139  14:29  Marine x4  
  153  14:32  Siege Tank  
  156  14:41  Siege Tank  
  156  14:42  Orbital Command x2, Marauder  
  156  14:44  Viking x2  
  161  14:46  Marine x4  
  161  14:51  Marine x3  
  161  14:52  Marine, Marauder  
  175  14:53  Marauder x2  
  175  15:03  Marine  
  175  15:05  Concussive Shells  
  176  15:14  Viking x2  
  176  15:20  Marine x3  
  176  15:21  Marine, Marauder x2  
  161  15:31  Siege Tank x2  
  161  15:32  Marine, Marauder  
  161  15:34  Marine x2  
  170  15:56  Marine x2  
  159  15:57  Marauder x2  
  159  15:58  Marine, Marauder  
  159  16:03  Siege Tank x2  
  142  16:12  Marine x3  
  142  16:18  Marauder x2  
  140  16:26  Starport x2  
  137  16:35  Siege Tank x2, Ghost  
  137  16:36  Ghost  
  147  16:41  Command Center  
Show
View Real Time Build Order
Export as new Build Order

Solar Zerg - Winner!

Build Orders: Hatch First, Lurkers 

Get SALT Encoding   

  12  0:00  Drone  
  13  0:12  Overlord  
  13  0:17  Drone  
  14  0:31  Drone x2  
  16  0:47  Hatchery  
  15  0:50  Drone  
  15  0:54  Drone  
  17  0:57  Drone  
  18  1:08  Extractor  
  17  1:13  Spawning Pool  
  17  1:15  Drone  
  17  1:18  Drone  
  18  1:28  Drone  
  19  1:39  Drone  
  20  1:49  Drone  
  21  1:59  Queen x2  
  21  2:00  Zergling x4  
  27  2:11  Overlord, Zergling x2  
  28  2:16  Spore Crawler  
  26  2:23  Metabolic Boost  
  27  2:30  Drone x2  
  27  2:32  Drone x2  
  31  2:38  Queen  
  31  2:43  Overlord  
  33  2:44  Drone  
  34  2:59  Drone, Hatchery  
  34  3:02  Drone  
  35  3:05  Drone  
  35  3:07  Drone  
  35  3:09  Drone  
  35  3:10  Drone  
  35  3:12  Drone  
  40  3:16  Overlord  
  40  3:19  Drone  
  41  3:28  Zergling x2  
  41  3:29  Zergling x2  
  43  3:34  Queen  
  43  3:36  Zergling x2  
  46  3:42  Roach Warren  
  46  3:45  Zergling x8  
  48  3:53  Extractor  
  48  3:54  Overlord  
  47  3:56  Overlord  
  47  3:58  Drone  
  48  4:10  Overlord  
  48  4:16  Drone  
  49  4:21  Queen  
  49  4:22  Overlord  
  51  4:30  Roach x2  
  53  4:34  Roach  
  54  4:39  Roach  
  51  4:47  Zergling x8  
  51  4:51  Ravager x2  
  57  4:56  Drone x2  
  59  5:00  Queen  
  59  5:05  Ravager  
  59  5:06  Drone  
  60  5:10  Spore Crawler  
  56  5:14  Drone  
  56  5:15  Drone, Spore Crawler  
  56  5:18  Drone  
  56  5:21  Spore Crawler  
  57  5:27  Zergling x4  
  59  5:29  Zergling x2  
  58  5:36  Drone x3  
  60  5:45  Lair  
  60  5:50  Drone x2  
  60  5:54  Overlord  
  62  5:58  Drone x2  
  62  6:00  Drone  
  62  6:03  Drone  
  66  6:05  Drone  
  66  6:06  Drone  
  66  6:08  Drone  
  69  6:14  Drone x2  
  69  6:16  Drone  
  69  6:18  Roach  
  68  6:23  Roach x2  
  69  6:30  Hatchery  
  69  6:31  Zergling x2  
  69  6:36  Ravager  
  69  6:37  Zergling x8  
  74  6:43  Extractor  
  74  6:44  Overseer  
  74  6:45  Queen  
  73  6:50  Queen  
  73  6:52  Ravager x2  
  73  6:53  Zergling x2  
  73  6:54  Zergling x2  
  73  6:57  Zergling x4  
  73  6:58  Zergling x2  
  73  7:01  Roach  
  74  7:03  Zergling x2  
  74  7:11  Drone  
  74  7:12  Overlord, Extractor  
  74  7:14  Overlord  
  74  7:16  Overlord  
  74  7:21  Drone  
  72  7:23  Drone  
  71  7:33  Drone x2, Glial Reconstitution  
  71  7:36  Overlord  
  71  7:38  Roach x2  
  75  7:44  Drone, Queen  
  75  7:45  Drone x2  
  74  7:53  Zergling x2  
  74  7:56  Zergling x2  
  74  7:57  Zergling x2  
  77  7:59  Drone x3  
  77  8:04  Drone x3  
  83  8:06  Roach  
  83  8:07  Drone, Roach  
  88  8:13  Ravager  
  88  8:14  Drone  
  88  8:18  Roach x2  
  94  8:25  Drone  
  95  8:28  Drone  
  95  8:30  Overlord  
  95  8:31  Drone x2  
  95  8:32  Drone  
  99  8:36  Drone x4  
  102  8:43  Roach  
  104  8:48  Evolution Chamber  
  104  8:49  Extractor, Roach x2, Evolution Chamber  
  104  8:54  Drone x4  
  109  8:56  Hatchery  
  109  8:59  Overlord  
  109  9:01  Overlord, Drone  
  109  9:05  Roach  
  109  9:06  Roach x2  
  109  9:07  Drone  
  116  9:11  Drone  
  116  9:14  Overlord, Drone  
  116  9:16  Zerg Missile Weapons Level 1  
  118  9:17  Zerg Ground Armor Level 1  
  118  9:19  Roach  
  118  9:21  Roach  
  122  9:26  Overlord  
  122  9:27  Infestation Pit, Extractor  
  122  9:29  Roach x2  
  124  9:32  Overlord  
  124  9:33  Ravager x3  
  124  9:37  Drone  
  124  9:38  Drone, Hydralisk Den  
  129  9:40  Drone x3  
  129  9:43  Overlord  
  130  9:46  Overlord  
  130  9:48  Zergling x6  
  130  9:50  Zergling x2  
  134  9:53  Overlord  
  134  9:54  Drone  
  134  9:58  Drone  
  134  9:59  Roach  
  138  10:01  Drone  
  138  10:03  Drone  
  138  10:06  Overseer  
  140  10:09  Hive  
  140  10:10  Drone  
  141  10:16  Drone x2  
  141  10:17  Extractor, Lurker Den  
  141  10:18  Extractor  
  141  10:20  Roach x3  
  146  10:27  Overlord  
  146  10:28  Hydralisk  
  146  10:29  Hydralisk x2  
  146  10:33  Hydralisk x2  
  156  10:36  Drone  
  156  10:37  Drone  
  156  10:40  Drone  
  159  10:43  Drone  
  159  10:48  Drone  
  159  10:49  Zergling x6  
  164  10:54  Zergling x16  
  171  10:58  Hydralisk x4  
  171  11:01  Overlord  
  171  11:03  Roach  
  176  11:05  Roach  
  176  11:08  Overlord  
  174  11:11  Queen  
  174  11:12  Zerg Missile Weapons Level 2  
  174  11:16  Roach  
  175  11:20  Drone x3  
  175  11:21  Viper  
  175  11:22  Viper x2  
  175  11:23  Overlord  
  175  11:25  Seismic Spines  
  187  11:33  Ravager  
  187  11:38  Hatchery, Spore Crawler  
  185  11:41  Lurker x4  
  185  11:42  Overseer  
  187  11:50  Drone x2, Spore Crawler  
  188  11:56  Lurker x3  
  188  11:57  Drone x3  
  188  12:00  Unknown  
  193  12:07  Zerg Ground Armor Level 2  
  193  12:11  Lurker  
  193  12:13  Zergling x2  
  193  12:14  Zergling x8  
  199  12:22  Adaptive Talons  
  199  12:27  Baneling Nest  
  199  12:29  Zergling x2  
  197  12:43  Drone, Zergling x10  
  199  12:47  Hatchery  
  198  13:03  Adrenal Glands  
  188  13:12  Hydralisk  
  188  13:13  Hydralisk x7  
  188  13:17  Grooved Spines  
  195  13:25  Zergling x28  
  199  13:31  Centrifugal Hooks  
  199  13:34  Zerg Melee Weapons Level 1  
  199  13:41  Overlord x2  
  199  13:43  Overlord, Zergling x2  
  199  13:44  Zergling x6  
  199  13:47  Zergling x16  
  197  13:48  Hydralisk x2  
  197  13:50  Zergling x14  
  197  13:54  Hydralisk  
  200  13:57  Pneumatized Carapace  
  200  13:58  Overseer x3  
  200  13:59  Zergling x2  
  197  14:03  Zergling x6  
  197  14:05  Roach x2  
  197  14:06  Roach  
  187  14:10  Roach x2  
  187  14:11  Roach x4  
  187  14:15  Lurker  
  187  14:16  Lurker x5  
  199  14:23  Zergling x2  
  199  14:24  Zergling x14  
  192  14:25  Hydralisk  
  192  14:29  Muscular Augments  
  188  14:31  Drone x2  
  188  14:32  Zergling x2  
  188  14:33  Zergling x2  
  188  14:37  Drone  
  190  14:39  Zergling x2  
  190  14:43  Zergling x8  
  189  14:46  Zergling x4  
  189  14:51  Zergling x2  
  181  14:53  Hydralisk  
  181  14:54  Hydralisk x2  
  181  14:59  Drone x2  
  189  15:01  Drone x2  
  189  15:04  Drone  
  189  15:06  Zergling x16  
  173  15:23  Zergling x24  
  173  15:25  Hydralisk x2  
  174  15:28  Hydralisk  
  174  15:29  Hydralisk x2, Hatchery  
  174  15:31  Ravager x5  
  174  15:32  Baneling  
  174  15:33  Baneling x15, Zergling x20  
  174  15:35  Zergling x4  
  196  15:36  Zergling x2  
  196  15:37  Zergling x2  
  196  15:40  Zergling x4  
  200  15:52  Zergling x16  
  186  15:57  Zergling x2  
  186  15:58  Zergling x14  
  186  16:00  Hydralisk x2  
  185  16:05  Hydralisk x3  
  174  16:11  Hydralisk x3  
  174  16:12  Zergling x4  
  177  16:20  Baneling x3  
  177  16:21  Baneling x2  
  177  16:22  Lurker x8  
  177  16:24  Zergling x4  
  177  16:25  Zergling x2  
  186  16:26  Baneling x3  
  186  16:28  Zergling x8  
  186  16:31  Roach x2  
  190  16:37  Zergling x8  
  190  16:38  Zergling x8  
  198  16:40  Zergling x4  
  198  16:42  Zergling x2  
  198  16:43  Zergling x2  
  198  16:44  Zergling x2  
  183  16:48  Zergling x8  

Tags
 
Add a new tag
Caveats
  • Supply blocks, unpowered buildings, or Contaminate may cause inaccurate times.
  • Supply counts are checked every 10 seconds.